 Dungeon Crawl Stone Soup version 0.21-a0-504-g2eda330 (webtiles) character file.

69 4thArraOfDagon the Firebug (level 4, -4/30 HPs)
             Began as a Barachi Fire Elementalist on Nov 25, 2017.
             Was an Initiate of Vehumet.
             Slain by Robin
             ... wielding a +0 trident
              (7 damage)
             ... on level 2 of the Dungeon on Nov 26, 2017.
             The game lasted 00:07:19 (1407 turns).

4thArraOfDagon the Firebug (BaFE)                   Turns: 1407, Time: 00:07:20

Health: -4/30      AC:  1    Str:  9    XL:     4   Next: 20%
Magic:  2/8        EV: 12    Int: 16    God:    Vehumet [......]
Gold:   156        SH:  3    Dex: 13    Spells: 0/8 levels left

rFire    . . .     SeeInvis .   (no weapon)
rCold    . . .     Gourm    .   (no shield)
rNeg     . . .     Faith    .   a - +0 robe
rPois    .         Spirit   .   (no helmet)
rElec    .         Reflect  +   (no cloak)
rCorr    .         Harm     .   (no gloves)
MR       .....                  (no boots)
Stlth    ++........             h - +3 amulet of reflection
HPRegen  0.10/turn              (no ring)
MPRegen  0.11/turn              (no ring)

@: very slightly contaminated, slow
A: +LOS, swims, fangs 1, deformed body, slowness 1, strong legs 1
a: Hop, Renounce Religion


You were on level 2 of the Dungeon.
You worshipped Vehumet.
Vehumet was noncommittal.
You were hungry.

You visited 1 branch of the dungeon, and saw 4 of its levels.

You collected 156 gold pieces.

Inventory:

Armour
 a - a +0 robe (worn)
Jewellery
 h - a +3 amulet of reflection (around neck)
Scrolls
 e - 2 scrolls of enchant armour {unknown}
 g - 4 scrolls of remove curse
 i - a scroll of immolation
 k - 3 scrolls of teleportation
Books
 b - a book of Flames

   Spells                             Type                      Level
   a - Flame Tongue                   Conjuration/Fire             1
   b - Throw Flame                    Conjuration/Fire             2
   c - Conjure Flame                  Conjuration/Fire             3
   d - Inner Flame                    Hexes/Fire                   3
   e - Sticky Flame                   Conjuration/Fire             4
   f - Fireball                       Conjuration/Fire             5
Comestibles
 c - 2 bread rations
 d - a meat ration
 j - a royal jelly


   Skills:
 - Level 2.1(1.0) Dodging
 - Level 1.7(0.8) Stealth
 + Level 2.8(1.4) Spellcasting
 * Level 2.7(1.3) Conjurations
 * Level 4.2(2.1) Fire Magic


You couldn't memorise any spells.
You knew the following spells:

 Your Spells              Type           Power        Failure   Level  Hunger
a - Flame Tongue          Conj/Fire      #....        11%         1    ##.....
b - Conjure Flame         Conj/Fire      #.......     32%         3    ####...
c - Sticky Flame          Conj/Fire      #.......     71%         4    #####..


Dungeon Overview and Level Annotations

Branches:
Dungeon (4/15)             Temple (0/1) D:4

Altars:
Ashenzari
Gozag
Okawaru
Vehumet

Annotations:
D:2 Robin
D:3 Enish's ghost, weakling OpEE
D:4 4thArraOfDagon's ghost, amateur BaFE


Innate Abilities, Weirdness & Mutations

Shadows flee at your approach. (+LOS)
You can swim through water.
You cover ground slowly.
You can hop short distances.
You have very sharp teeth.
Armour fits poorly on your strangely shaped body.


Message History

The goblin hits you.
* * * LOW HITPOINT WARNING * * *
Robin hits you from afar with a trident.
* * * LOW HITPOINT WARNING * * *
Casting: Flame Tongue
Confirm with . or Enter, or press ? or * to list all spells.
Aiming: Flame Tongue
Press: ? - help, Shift-Dir - straight line, f/p - Robin
Aim: Robin, wielding a trident, wearing an animal skin and wearing a helmet (heavily wounded)
The flame tongue hits Robin.
Robin is severely wounded.
The goblin closely misses you. You block Robin's attack.
Casting: Flame Tongue
Confirm with . or Enter, or press ? or * to list all spells.
Aiming: Flame Tongue
Press: ? - help, Shift-Dir - straight line, f/p - Robin
Aim: Robin, wielding a trident, wearing an animal skin and wearing a helmet (severely wounded)
The flame tongue misses Robin.
The goblin barely misses you.
Robin hits you from afar with a trident!
You die...

#........# #........#
##........#
#.........#######
#####...............#
...........>.######.#
#####...(....# #.#
###.....#.#.#######.#####
..........#...gg@.#.....#
###.....#########)#.###.#
#.....# #g#####.# ####.##
#...g.g.# #.# #########
##.### ###....### #
#........# # #........#


You could see Robin and 2 goblins.

Vanquished Creatures
  2 adders
  2 dart slugs
  2 orcs (D:3)
  7 bats
  A giant cockroach (D:1)
  9 hobgoblins
  5 kobolds
  2 frilled lizards
  8 goblins
  3 rats
41 creatures vanquished.

Vanquished Creatures (others)
  A goblin (D:2)
1 creature vanquished.

Grand Total: 42 creatures vanquished

Notes
Turn   | Place    | Note
-------+----------+-------------------------------------------
     0 | D:1      | 4thArraOfDagon the Barachi Fire Elementalist began the quest for the Orb.
     0 | D:1      | Reached XP level 1. HP: 13/13 MP: 3/3
    89 | D:1      | Thaneod: powinno byc jakos templatki zrobione
   163 | D:2      | Thaneod: jak grasz FE to trenuje tylko fire spellcas i conjur
   196 | D:2      | Reached XP level 2. HP: 19/19 MP: 0/5
   205 | D:2      | Found a shattered altar of Ashenzari.
   236 | D:2      | Became a worshipper of Ashenzari the Shackled
   237 | D:2      | 4thArraOfDagon: dobra, chrzanie
   237 | D:2      | 4thArraOfDagon: ide w pierwszego lepszego :(
   390 | D:1      | Reached XP level 3. HP: 14/24 MP: 3/6
   400 | D:1      | Learned a level 3 spell: Conjure Flame
   624 | D:3      | Noticed Enish's ghost (weakling OpEE)
   668 | D:2      | Thaneod: pff:P
   699 | D:3      | Reached skill level 4 in Fire Magic
   731 | D:3      | Found an opulent altar of Gozag.
   864 | D:3      | Found a radiant altar of Vehumet.
   864 | D:3      | Found an iron altar of Okawaru.
   873 | D:3      | Fell from the grace of Ashenzari
   873 | D:3      | Became a worshipper of Vehumet
   951 | D:3      | Gained mutation: Armour fits poorly on your strangely shaped body. [potion of mutation]
   951 | D:3      | Gained mutation: You have very sharp teeth. [potion of mutation]
   983 | D:3      | Reached XP level 4. HP: 6/30 MP: 2/8
   992 | D:3      | Learned a level 4 spell: Sticky Flame
  1042 | D:4      | Found a staircase to the Ecumenical Temple.
  1054 | D:4      | Noticed 4thArraOfDagon's ghost (amateur BaFE)
  1317 | D:2      | Noticed Robin
  1407 | D:2      | Slain by Robin

Vault maps used:
D:1:      minmay_arrival_radiant_lines
D:2:      minmay_door_path, lemuel_crystal_altar, uniq_robin
D:3:      old_standard_altar, gammafunk_temple_overflow_elements, first_bread
D:4:      kennysheep_spiral_hall, marbit_many_paths, kennysheep_little_box,
          lemuel_doored_altar

Skill      XL: |  1  2  3 |
---------------+----------+-----
Conjurations   | 2 |  2.7
Fire Magic     | 4 |  4.2
Dodging        | |  2.1
Stealth        | |  1.7
Spellcasting   | |  2.8

Action                   |  1- 3 |  4- 6 || total
-------------------------+-------+-------++-------
Melee: Unarmed           |    22 |       ||    22
 Cast: Flame Tongue      |    58 |    25 ||    83
       Conjure Flame     |     1 |       ||     1
 Abil: Hop               |     1 |       ||     1
  Use: Potion            |     4 |     1 ||     5
       Scroll            |       |     2 ||     2
  Eat: Chunk             |     1 |     2 ||     3
Armor: Robe              |    10 |       ||    10
Dodge: Dodged            |    34 |    12 ||    46
Block: Other             |     5 |     3 ||     8
       Reflection        |     1 |       ||     1

Table legend:
 A = Spawn XP
 B = Non-spawn XP
 C = Spawn XP percentage of total XP
 D = Spawn monster count
 E = Non-spawn monster count
 F = Spawn count percentage of total count
 G = Total turns spent on level
                    A         B        C        D         E        F      G
               +---------+---------+-------+---------+---------+-------+---------
         Total |       0 |      99 |   0.0 |       0 |      42 |   0.0 |  1407
               +---------+---------+-------+---------+---------+-------+---------
           D:1 |       0 |      14 |   0.0 |       0 |       8 |   0.0 |   346
           D:2 |       0 |      44 |   0.0 |       0 |      19 |   0.0 |   650
           D:3 |       0 |      41 |   0.0 |       0 |      15 |   0.0 |   390
               +---------+---------+-------+---------+---------+-------+---------
